 Dungeon Crawl Stone Soup version 0.26.0-10-g1f06aea511 (webtiles) character file.

Game seed: 17859357859227364566

63 mopl the Ruffian (level 3, -4/29 HPs)
             Began as a Palentonga Transmuter on Jan 20, 2021.
             Slain by a gnoll
             ... wielding a +0 spear
              (10 damage)
             ... on level 2 of the Dungeon.
             The game lasted 00:02:00 (1080 turns).

mopl the Ruffian (Palentonga Transmuter)            Turns: 1080, Time: 00:02:01

Health: -4/29      AC:  2    Str: 13    XL:     3   Next: 87%
Magic:  3/6        EV: 19    Int: 14    God:
Gold:   130        SH:  0    Dex: 15    Spells: 0/6 levels left

rFire    . . .     SeeInvis +     - Unarmed
rCold    . . .     Faith    .   (shield currently unavailable)
rNeg     . . .     Spirit   .   (armour currently unavailable)
rPois    x         Reflect  .   (helmet currently unavailable)
rElec    .         Harm     .   (cloak currently unavailable)
rCorr    .         Rampage  .   (gloves currently unavailable)
Will     .....                  (no barding)
Stlth    +.........             (no amulet)
HPRegen  0.09/turn              (no ring)
MPRegen  0.10/turn              (no ring)

@: spider-form
A: tiny, rugged brown scales 3, see invisible
a: End Transformation


You were on level 2 of the Dungeon.
You were a venomous arachnid creature.
You visited 1 branch of the dungeon, and saw 2 of its levels.

You collected 130 gold pieces.

Inventory:

Hand Weapons
 k - a +1 dagger of venom (melded)
Missiles
 d - 47 stones
 m - 12 poisoned darts
Armour
 a - a +0 robe (melded)
 f - a +0 helmet (melded)
 g - a +2 tower shield
 j - a +0 plate armour
Scrolls
 c - 3 scrolls of identify {unknown}
 l - a scroll of amnesia {unknown}
 n - a scroll of magic mapping {unknown}
 o - a scroll of fear {unknown}
 q - a scroll of remove curse {unknown}
Potions
 b - 2 potions of brilliance {unknown}
 e - a potion of mutation {unknown}
 h - 5 potions of flight {unknown}
 i - a potion of haste {unknown}
 p - a potion of curing {unknown}


   Skills:
 - Level 1.0 Fighting
 - Level 1.5 Dodging
 * Level 3.7 Unarmed Combat
 + Level 2.4 Spellcasting
 * Level 3.0 Transmutations
 + Level 0.4 Poison Magic


You couldn't memorise any spells.
You knew the following spells:

 Your Spells              Type           Power        Failure   Level
a - Beastly Appendage     Tmut           20%          19%         1
b - Spider Form           Tmut/Pois      3%           54%         3
w - Wereblood             Tmut           10%          24%         2

Your spell library contained the following spells:

 Spells                   Type           Power        Failure   Level
 Ice Form                 Ice/Tmut       5%           90%         4
 Blade Hands              Tmut           5%           96%         5


Dungeon Overview and Level Annotations

Branches:
Dungeon (2/15)

Altars:
Ashenzari
Qazlal


Innate Abilities, Weirdness & Mutations

(You are completely covered in rugged brown scales. (AC +3, +7% HP))
You have supernaturally acute eyesight. (SInv)
((Armour fits poorly on your strangely shaped body.))
((You can roll at nearby foes to attack.))
((You have a long armoured tail.))


Message History

Your +1 dagger of venom melds into your body.
Your +0 helmet melds into your body.
Your +0 robe melds into your body.
Your +1 dagger of venom stops dripping with poison.
The gnoll hits you with a cursed -1 whip.
The gnoll misses you. The gnoll closely misses you.
Unknown command.
You barely miss the gnoll. The gnoll misses you.
The gnoll hits you from afar with a +0 spear.
You hit the gnoll.
The gnoll is poisoned.
The gnoll is lightly wounded.
The gnoll hits you.
* * * LOW HITPOINT WARNING * * *
The gnoll completely misses you.
The gnoll hits you from afar with a +0 spear.
* * * LOW HITPOINT WARNING * * *
You bite the gnoll!
The gnoll looks as sick as possible!
The gnoll is severely wounded.
The gnoll closely misses you. The gnoll completely misses you.
The gnoll hits you from afar with a +0 spear!
You die...

#......#### ...###.#
.......### .####....### .#
##.#...# .. . .#####....##
.g... .#......### ##....
...#...### #######<..#
..>......###ggggsgg#.##
.............#######..#######
..............g.#####.......#
#....##########.g.g.g.†.....#
......# #######.[..(..#
......... #.......# .........
#.......# ......... #########
....#....


You could see 6 gnolls.

Vanquished Creatures
  An adder (D:2)
  A worm (D:2)
  3 dart slugs (D:1)
  A leopard gecko (D:1)
  3 bats
  5 giant cockroaches (D:1)
  2 goblins (D:1)
  3 hobgoblins
  9 jackals
  A ball python (D:1)
  4 frilled lizards
  2 kobolds (D:1)
  7 rats (D:1)
42 creatures vanquished.

Notes
Turn   | Place    | Note
-------+----------+-------------------------------------------
     0 | D:1      | mopl the Palentonga Transmuter began the quest for the Orb.
     0 | D:1      | Reached XP level 1. HP: 17/17 MP: 3/3
    97 | D:1      | Reached XP level 2. HP: 20/24 MP: 5/5
   100 | D:1      | Learned a level 2 spell: Wereblood
   303 | D:1      | Reached XP level 3. HP: 23/29 MP: 6/6
   307 | D:1      | Learned a level 3 spell: Spider Form
   639 | D:2      | Found a broken altar of Ashenzari.
   961 | D:2      | Found a stormy altar of Qazlal.
  1062 | D:2      | Reached skill level 3 in Transmutations
  1080 | D:2      | Slain by a gnoll

Illustrated notes

Levels and vault maps discovered:
D:1:      minmay_arrival_checkered_box, layout_basic
D:2:      layout_rooms, general_overflow_altar, nicolae_overflow_crystal_walls,
          nicolae_overflow_hidden_temple, overflow_temple_1_default

Skill      XL: |  1  2  3 |
---------------+----------+-----
Transmutations | 3 |  3.0
Fighting       | |  1.0
Dodging        | |  1.5
Unarmed Combat | |  3.7
Spellcasting   | |  2.4
Poison Magic   | |  0.4

Action                   || total
-------------------------++-------
Melee: Unarmed           ||    37
       Kick              ||     5
       Headbutt          ||     5
       Dagger            ||    78
       Tailslap          ||     7
       Punch             ||     2
 Cast: Beastly Appendage ||     4
       Wereblood         ||     1
       Spider Form       ||     1
Armor: Robe              ||    48
Dodge: Dodged            ||    70
